 Dungeon Crawl Stone Soup version 0.28-a0-723-g095bd1b44f (webtiles) character file.

Game seed: 5476910126948526143

12905 quinnr the Zephyrmancer (level 12, -11/69 HPs)
             Began as a Tengu Air Elementalist on Oct 25, 2021.
             Was an Elder of Sif Muna.
             Mangled by a komodo dragon (22 damage)
             ... on level 3 of the Lair of Beasts.
             The game lasted 00:34:15 (17395 turns).

quinnr the Zephyrmancer (Tengu Air Elementalist)   Turns: 17395, Time: 00:34:16

Health: -11/69     AC:  7    Str:  9    XL:     12   Next: 0%
Magic:  3/25       EV: 20    Int: 20    God:    Sif Muna [****..]
Gold:   114        SH:  0    Dex: 15    Spells: 20/28 levels left

rFire   + . .      SeeInvis +   I - staff of fire
rCold   + . .      Faith    +   (no shield)
rNeg    . . .      Spirit   .   B - +2 robe {Will+}
rPois   .          Reflect  .   (helmet restricted)
rElec   .          Harm     .   t - +0 cloak
rCorr   .          Rampage  .   m - +1 pair of gloves
Will    +....                   (boots unavailable)
Stlth   +++.......              A - amulet of faith
HPRegen 0.21/turn               n - ring of see invisible
MPRegen 0.19/turn               G - ring of protection from cold

@: flying quickly and evasively, quick
A: beak, talons 3, nimble flight
a: Renounce Religion, Channel Magic, Forget Spell, Divine Exegesis


You were on level 3 of the Lair of Beasts.
You worshipped Sif Muna.
Sif Muna was greatly pleased with you.
You visited 2 branches of the dungeon, and saw 11 of its levels.

You collected 506 gold pieces.
You spent 392 gold pieces at shops.

Inventory:

Hand Weapons
 c - a +1 dagger of venom
 e - a +2 dagger of electrocution
 h - a +1 dagger of protection
 l - a +0 dagger of venom
Missiles
 H - 27 poisoned darts
Armour
 a - a +0 robe
 i - a +2 robe of fire resistance
 m - a +1 pair of gloves (worn)
 t - a +0 cloak (worn)
 z - the +5 ring mail of Wefroen {rElec Dex+9}
   (You found it on level 5 of the Dungeon)

   Dex:       It affects your dexterity (+9).
   rElec:     It insulates you from electricity.
 B - a +2 robe of willpower (worn)
Magical Staves
 I - a staff of fire (weapon)
Jewellery
 g - an amulet of the acrobat
 n - a ring of see invisible (left hand)
 q - a ring of fire
 v - a +6 ring of strength
 y - a ring of fire
 A - an amulet of faith (around neck)
 G - a ring of protection from cold (right hand)
Wands
 C - a wand of polymorph (10)
Scrolls
 b - a scroll of brand weapon {unknown}
 f - 3 scrolls of teleportation
 k - a scroll of enchant armour
 o - a scroll of amnesia {unknown}
 p - a scroll of immolation
 s - 2 scrolls of fog
 E - a scroll of summoning
 F - a scroll of vulnerability
Potions
 d - 2 potions of heal wounds
 j - 2 potions of curing
 u - a potion of mutation
 w - a potion of haste
 x - 2 potions of flight
 D - a potion of might
 J - 2 potions of berserk rage


   Skills:
 + Level 5.7 Fighting
 - Level 1.0 Armour
 + Level 9.1 Dodging
 - Level 5.0 Stealth
 + Level 8.8 Spellcasting
 - Level 4.0 Conjurations
 - Level 13.0 Air Magic
 + Level 3.8 Poison Magic
 - Level 4.0 Invocations
 - Level 4.0 Evocations


You had 20 spell levels left.
You knew the following spells:

 Your Spells              Type           Power      Damage    Failure   Level
a - Shock                 Conj/Air       100%       1d9       1%          1
b - Airstrike             Air            28%        N/A       1%          4
c - Mephitic Cloud        Conj/Pois/Air  36%        N/A       1%          3

Your spell library contained the following spells:

 Spells                   Type           Power      Damage    Failure   Level
 Magic Dart               Conj           96%        1d7       1%          1
 Static Discharge         Conj/Air       42%        N/A       1%          2
 Swiftness                Air            57%        N/A       1%          3
 Call Imp                 Summ           8%         N/A       12%         2


Dungeon Overview and Level Annotations

Branches:
Dungeon (8/15)             Temple (0/1) D:7            Lair (3/6) D:8
  Snake (0/4) Lair:2
  Swamp: Lair:2-4    Shoals: Lair:2-4

Altars:
Cheibriados
Dithmenos
Kikubaaqudgha
Nemelex Xobeh
Okawaru
Sif Muna
Trog
Wu Jian
Yredelemnul
Zin

Shops:
D:4 *   D:6 [*!:[


Innate Abilities, Weirdness & Mutations

You have a beak for a mouth.
You have claws for feet.
Your magical nature lets you fly swiftly and evasively.


Message History

The puff of frost hits you. You resist.
Unknown command.
You fail to use your ability.
The white imp gestures at you. The puff of frost hits you. You resist.
You fail to use your ability.
The white imp gestures at you. The puff of frost hits you. You resist.
A komodo dragon comes into view.
Casting: Shock (safe; 1% risk of failure)
Confirm with . or Enter, or press ? or * to list all spells.
Aiming: Shock (safe; 1% risk of failure)
Press: ? - help, Shift-Dir - straight line, f - white imp
Aim: a white imp (74% to hit)
The zap hits the komodo dragon.
The komodo dragon is heavily wounded.
The zap hits the white imp.
The white imp is lightly wounded.
The zap hits the komodo dragon but does no damage.
The komodo dragon hisses angrily.
The zap hits the white imp.
The white imp is heavily wounded.
The komodo dragon barely misses you.
Unknown command.
Casting: Shock (safe; 1% risk of failure)
Confirm with . or Enter, or press ? or * to list all spells.
Aiming: Shock (safe; 1% risk of failure)
Press: ? - help, Shift-Dir - straight line, f/p - white imp
Aim: a white imp (heavily wounded, 74% to hit)
The zap hits the komodo dragon!
The komodo dragon is severely wounded.
The zap hits the komodo dragon but does no damage.
The zap misses the white imp.
The komodo dragon bites you!!
Unknown command.
You hit the fungus.
The fungus begins to die.
You burn the fungus.
The fungus is lightly damaged.
The komodo dragon bites you!!
* * * LOW HITPOINT WARNING * * *
The white imp completely misses you. The komodo dragon bites you!!
You die...

**,....P.###.### *,......###.#>.#
** ,,.#...#**###.## *,
,,,.#..,*,*##..## ***
*,**,*,,,**#....### **,*
,*****+*,,#.##..#.## *** *,,, **
*,*,*,#.###.....### *,** **,,
***,,,,..#*#..P.5...# **,****,,
*,,,,,...,#...#@#...#****,,,,*,,
**,,,......###.#l5#......,,,,,,,
**,,,,......,,#####.......,,,**,,
*,,,**,,...,,,**,,*.......∩,,,*,,
,,,***,*.#**,,,**,,.......,,,,,,,
,,,,*,,,,****,,**,,.......,,,,,,,
,,***,,,,,,**,,,,,,##P###.*****,,
,***,,,<,,,***,>*,,**## *** *,,
,,***,,,,,***,,,**** ***


You could see a komodo dragon and 2 white imps.

Vanquished Creatures
  A hydra (Lair:1)
  A two-headed ogre (D:8)
  5 elephants
  Joseph (D:7)
  4 black mambas
  A rime drake (Lair:2)
  A komodo dragon (Lair:2)
  A troll (D:8)
  5 blink frogs
  Prince Ribbit (D:6)
  Sigmund (D:2)
  14 yaks
  A steam dragon (D:8)
  Menkaure (D:6)
  13 water moccasins
  An orc warrior (D:6)
  5 ice beasts
  2 black bears
  2 necrophages
  An ogre (D:5)
  2 phantoms (D:5)
  A kobold brigand (D:8)
  2 gnoll sergeants
  A scorpion (D:5)
  7 bullfrogs
  A centaur zombie (D:8)
  A bullfrog zombie (D:6)
  A jelly (D:6)
  A gnoll shaman (D:6)
  2 bullfrog skeletons
  A centaur skeleton (D:6)
  3 orc priests
  4 hounds
  Natasha (thrice) (D:3)
  Terence (D:2)
  5 orc wizards
  A killer bee zombie (D:7)
  3 hound skeletons
  Robin (D:2)
  10 gnolls
  7 adders
  8 white imps
  2 ufetubi (D:5)
  An adder skeleton (D:4)
  4 worms
  23 orcs
  4 ball pythons
  6 endoplasms
  3 giant cockroaches
  20 goblins
  5 hobgoblins
  A quokka (D:4)
  2 bats (D:1)
  2 frilled lizards (D:3)
  17 kobolds
  7 rats
225 creatures vanquished.

Vanquished Creatures (others)
  15 fungi
  29 plants
44 creatures vanquished.

Grand Total: 269 creatures vanquished

Notes
Turn   | Place    | Note
-------+----------+-------------------------------------------
     0 | D:1      | quinnr the Tengu Air Elementalist began the quest for the
                  | Orb.
     0 | D:1      | Reached XP level 1. HP: 10/10 MP: 4/4
   189 | D:1      | Reached XP level 2. HP: 15/15 MP: 3/6
   419 | D:1      | Reached skill level 5 in Air Magic
   919 | D:2      | Reached XP level 3. HP: 19/19 MP: 5/7
  1015 | D:2      | Noticed Terence
  1036 | D:2      | Killed Terence
  1037 | D:2      | Reached skill level 6 in Air Magic
  1129 | D:2      | Reached XP level 4. HP: 24/24 MP: 1/8
  1224 | D:2      | Noticed Sigmund
  1452 | D:3      | Reached skill level 7 in Air Magic
  1679 | D:3      | Gained mutation: Your magical nature lets you fly swiftly
                  | and evasively. [Tengu growth]
  1679 | D:3      | Reached XP level 5. HP: 28/28 MP: 7/9
  1920 | D:3      | Found a shimmering blue altar of Sif Muna.
  1986 | D:3      | Became a worshipper of Sif Muna the Loreminder
  2029 | D:3      | Noticed Natasha
  2048 | D:3      | Killed Natasha
  2049 | D:3      | Noticed Natasha
  2062 | D:3      | Killed Natasha
  2063 | D:3      | Reached skill level 8 in Air Magic
  2540 | D:3      | Noticed Natasha
  2543 | D:3      | Killed Natasha
  2614 | D:3      | Found a shimmering blue altar of Sif Muna.
  2928 | D:4      | Found an iron altar of Okawaru.
  2996 | D:4      | Reached XP level 6. HP: 32/32 MP: 5/10
  3036 | D:4      | Identified the +7 trident of Qaysh {drain, +Blink Will-
                  | Int-5 Dex+7}
  3072 | D:4      | Learned a level 4 spell: Airstrike
  3193 | D:4      | Found Guovec's General Store.
  3202 | D:4      | Bought a scroll of magic mapping for 38 gold pieces
  3202 | D:4      | Bought a scroll of fog for 22 gold pieces
  3780 | D:2      | Found a faded altar of an unknown god.
  3904 | D:2      | Noticed Robin
  3915 | D:2      | Killed Robin
  4107 | D:2      | Killed Sigmund
  4108 | D:2      | Reached skill level 1 in Fighting
  4282 | D:4      | Found an ornate altar of the Wu Jian Council.
  4300 | D:4      | Reached skill level 9 in Air Magic
  4300 | D:4      | Reached XP level 7. HP: 38/38 MP: 9/12
  4472 | D:4      | Found a glowing silver altar of Zin.
  4662 | D:4      | Found an ancient bone altar of Kikubaaqudgha.
  4682 | D:5      | Entered Level 5 of the Dungeon
  4789 | D:5      | Reached skill level 1 in Armour
  4922 | D:5      | Reached * piety under Sif Muna
  5264 | D:5      | Reached XP level 8. HP: 45/45 MP: 2/14
  5438 | D:5      | Identified the +5 ring mail of Wefroen {rElec Dex+9}
  5599 | D:5      | Found a basalt altar of Yredelemnul.
  5675 | D:5      | Found a sparkling altar of Nemelex Xobeh.
  5820 | D:6      | Found Iboshof's Antique Armour Shoppe.
  5983 | D:6      | Found Osiaclul's Armour Shoppe.
  5991 | D:6      | Bought a +1 robe of fire resistance for 152 gold pieces
  6006 | D:6      | Found Xistruk's Book Shop.
  6462 | D:6      | Found Binneenociw's Distillery.
  6513 | D:6      | Noticed Prince Ribbit
  6524 | D:6      | Killed Prince Ribbit
  6525 | D:6      | Reached skill level 5 in Spellcasting
  6638 | D:6      | Found Jivil's Assorted Antiques.
  6651 | D:6      | Noticed Menkaure
  6654 | D:6      | Killed Menkaure
  6655 | D:6      | Reached skill level 5 in Stealth
  7056 | D:6      | Reached ** piety under Sif Muna
  7074 | D:6      | Reached skill level 10 in Air Magic
  7074 | D:6      | Reached XP level 9. HP: 42/52 MP: 3/17
  7437 | D:6      | Reached skill level 1 in Evocations
  7862 | D:7      | Noticed Joseph
  8260 | D:7      | Found a staircase to the Ecumenical Temple.
  8285 | D:7      | Reached skill level 11 in Air Magic
  8473 | D:7      | Reached skill level 1 in Invocations
  8978 | D:7      | Found a snail-covered altar of Cheibriados.
  9003 | D:7      | Killed Joseph
  9487 | D:8      | Noticed a moth of wrath
  9560 | D:8      | Found a bloodstained altar of Trog.
 10011 | D:8      | Noticed a troll
 10021 | D:8      | Killed a troll
 10022 | D:8      | Reached skill level 12 in Air Magic
 10213 | D:8      | Found a shadowy altar of Dithmenos.
 10213 | D:8      | Noticed a two-headed ogre
 10217 | D:8      | Killed a two-headed ogre
 10218 | D:8      | Reached XP level 10. HP: 56/56 MP: 2/19
 11015 | D:8      | Found a staircase to the Lair.
 11221 | Lair:1   | Entered Level 1 of the Lair of Beasts
 11618 | D:8      | Reached skill level 5 in Dodging
 11929 | Lair:1   | Reached skill level 13 in Air Magic
 11978 | Lair:1   | Noticed a black mamba
 11985 | Lair:1   | Killed a black mamba
 12132 | Lair:1   | Reached *** piety under Sif Muna
 12843 | Lair:1   | Reached XP level 11. HP: 61/61 MP: 10/23
 12926 | D:6      | Bought a book of Minor Magic for 180 gold pieces
 12930 | D:6      | Learned a level 3 spell: Mephitic Cloud
 13207 | Lair:2   | Noticed a four-headed hydra
 13589 | Lair:1   | Killed a four-headed hydra
 14687 | Lair:1   | Reached skill level 1 in Poison Magic
 16172 | Lair:2   | Reached skill level 5 in Fighting
 16371 | Lair:2   | Found a staircase to the Snake Pit.
 16529 | Lair:2   | Reached **** piety under Sif Muna
 17356 | Lair:3   | Reached XP level 12. HP: 69/69 MP: 22/25
 17395 | Lair:3   | Mangled by a komodo dragon

Illustrated notes

Levels and vault maps discovered:
D:1:      evilmike_arrival_fibonacci_small, layout_rooms,
          corexii_leaking_fountain, minmay_box_of_dots
D:2:      layout_rooms, shapermc_ecumenical_altar_starsandcircs, nrook_uturn,
          minmay_misc_feat_alley, uniq_terence, uniq_robin, uniq_sigmund
D:3:      layout_rooms, lemuel_round_altar, uniq_natasha
D:4:      layout_basic, nicolae_overflow_quartered_altars, serial_shops,
          nicolae_lakefront_shop, guppyfry_early_lair_pool
D:5:      layout_gridville, mainiacjoe_overflow_two_lobes
D:6:      layout_basic, serial_shops, nicolae_stop_n_shop_2, shop, shop,
          nicolae_square_shop, shop, uniq_menkaure, uniq_prince_ribbit1
D:7:      layout_cave_pools, cheibriados_altar_1, minmay_temple_entry_overgrown,
          uniq_joseph
D:8:      layout_basic, tgw_trog, mainiacjoe_overflow_alcove_1, serial_glass,
          glass_columns_a, glass_columns_b, minmay_misc_feat_columns
Lair:1:   layout_regular_city
Lair:2:   layout_regular_city, minmay_snake_entry_six_corridors,
          small_statue_intersection
Lair:3:   layout_cave_pods, portal_ice_cave_entry_imps, serial_bayou_crossing,
          grunt_megastairs_5

Skill      XL: |  1  2  3  4  5  6  7  8  9 10 11 |
---------------+----------------------------------+-----
Air Magic      | 5 6 7 8 9 10 12 13 | 13.0
Fighting       | 1 2 4 5 |  5.7
Dodging        | 3 4 6 9 |  9.1
Spellcasting   | 3 5 7 8 |  8.8
Armour         | 1 |  1.0
Conjurations   | 2 4 |  4.0
Stealth        | 3 5 |  5.0
Evocations     | 4 |  4.0
Invocations    | 3 4 |  4.0
Poison Magic   | 3 |  3.8

Action                   |  1- 3 |  4- 6 |  7- 9 | 10-12 || total
-------------------------+-------+-------+-------+-------++-------
Melee: Dagger            |       |     2 |    11 |     9 ||    22
       Peck              |       |       |     3 |     5 ||     8
       Kick              |       |       |     3 |     6 ||     9
       Staff             |       |       |       |     8 ||     8
Throw: Dart              |       |       |       |     4 ||     4
 Cast: Shock             |    44 |   110 |   241 |   221 ||   616
       Airstrike         |       |     2 |    41 |    96 ||   139
       Mephitic Cloud    |       |       |       |     4 ||     4
Invok: Channel Magic     |       |       |     4 |       ||     4
  Use: Potion            |       |     1 |     1 |     1 ||     3
       Scroll            |       |     1 |     8 |     7 ||    16
Armor: Robe              |       |     1 |    14 |    33 ||    48
Dodge: Dodged            |     6 |    20 |    49 |   152 ||   227

Table legend: (Time is in decaauts)
 A = Elapsed time spent in this place.
 B = Non-inter-level travel time spent in this place.
 C = Inter-level travel time spent in this place.
 D = Time resting spent in this place.
 E = Time spent auto-exploring this place.
 F = Levels seen in this place.
 G = Mean time per level.
                   A        B        C        D        E       F      G
               +--------+--------+--------+--------+--------+-----+--------+
         Total |  16682 |  15625 |   1057 |   5165 |   8139 |  11 | 1516.5 |
       Dungeon |  11910 |  11273 |    637 |   3432 |   6250 |   8 | 1488.8 |
          Lair |   4771 |   4352 |    419 |   1732 |   1889 |   3 | 1590.3 |
               +--------+--------+--------+--------+--------+-----+--------+

Top non-repeatable levels by time:
  Lair:1: 3256 daAuts
     D:8: 2565 daAuts
     D:6: 2079 daAuts
     D:7: 1655 daAuts
     D:3: 1619 daAuts
  Lair:2: 1453 daAuts
     D:4: 1103 daAuts
     D:2: 1015 daAuts
     D:5: 986 daAuts
     D:1: 884 daAuts
  Lair:3: 61 daAuts
